AoeStats
← TIMVP

Arena

510090420Analyzed
1v1 RM · 2d ago on Sep 29, 2026· 29m 2s· 2 players
Game mode
Random Map
Map size
Tiny (2 player)
Population
200
Speed
Normal
Resources
Standard
Victory
Conquest
Starting age
Dark Age
Ending age
Imperial Age
RankedLock teamsTeams togetherTeam positionsShared explorationLock speedFull tech treeHidden civsTurbo modeCheats
Victory
Defeat
🇷🇴 Britons · Romania
600
+14
🇵🇪 Romans · Peru
566
-14
TIMVP
11:35 Feudal Age
12:06 Double-Bit Axe
20:09 Castle Age
18:13 Horse Collar
19:34 Gold Mining
19:37 Stone Mining
20:58 Heavy Plow
MilitaryTanck
0:37 Loom
11:31 Feudal Age
11:59 Double-Bit Axe
12:07 Gold Mining
12:00 Horse Collar
13:25 Wheelbarrow
13:37 Stone Mining
20:22 Castle Age
18:49 Scale Mail Armor
19:43 Fletching
20:50 Pikeman
23:06 Gold Shaft Mining
22:46 Padded Archer Armor
22:57 Forging
24:02 Bow Saw
23:54 Heavy Plow
27:54 Hand Cart
28:03 Hand Cart
Connection lost

Rejoining the realm…

Still unreachable

The connection could not be restored.

Session expired

The server has moved on; the page needs a fresh start.